 Dungeon Crawl Stone Soup version 0.24-a0-536-gdd4cf15 (webtiles) character file.

Game seed: 10279794672893992851

21691 silentkaos13 the Blocker (level 12, -11/97 HPs)
             Began as a Gnoll Fighter on Aug 12, 2019.
             Was the Champion of Cheibriados.
             Killed from afar by a rime drake (28 damage)
             ... with a flash freeze
             ... on level 3 of the Lair of Beasts.
             The game lasted 00:36:56 (12847 turns).

silentkaos13 the Blocker (Gnoll Fighter)           Turns: 12847, Time: 00:36:59

Health: -11/97     AC: 18    Str: 40    XL:     12   Next: 92%
Magic:  23/23      EV: 19    Int: 27    God:    Cheibriados [******]
Gold:   791        SH:  0    Dex: 30    Spells: 17/26 levels left

rFire    . . .     SeeInvis +   n - +3 eveningstar (protect)
rCold    . . .     Gourm    .   (no shield)
rNeg     . . .     Faith    .   I - +1 scale mail {MR+}
rPois    .         Spirit   .   q - +0 helmet
rElec    .         Reflect  .   (no cloak)
rCorr    .         Harm     .   (no gloves)
MR       +....                  (no boots)
Stlth    +++.......             (no amulet)
HPRegen  0.26/turn              j - ring of see invisible
MPRegen  0.18/turn              C - +3 ring of strength

@: protection aura, very slow
A: distributed training, fangs 1, strong nose
a: Bend Time, Temporal Distortion, Slouch, Step From Time, Renounce Religion


You were on level 3 of the Lair of Beasts.
You worshipped Cheibriados.
Cheibriados was exalted by your worship.
You were hungry.

You visited 3 branches of the dungeon, and saw 13 of its levels.
You also visited: Sewer and Ossuary.

You collected 791 gold pieces.

Inventory:

Hand Weapons
 a - a +0 long sword
 e - the +3 dagger of Ru's Regard {venom, rF+}
   (You took it off a big kobold on level 7 of the Dungeon)

   It poisons the flesh of those it strikes.
   It protects you from fire.
 i - a +2 whip of flaming
 n - a +3 eveningstar of protection (weapon)
 y - a +1 short sword of electrocution
 z - a +3 morningstar of protection
 B - a +4 great sword of slicing
Armour
 b - a +0 scale mail
 c - a +3 shield
 q - a +0 helmet (worn)
 I - a +1 scale mail of magic resistance (worn)
 L - a +2 ring mail of magic resistance
Jewellery
 j - a ring of see invisible (left hand)
 C - a +3 ring of strength (right hand)
 E - an uncursed ring of resist corrosion
 M - an uncursed ring of positive energy {unknown}
 N - a cursed ring of attention
 Q - an uncursed ring of wizardry
Wands
 g - a wand of digging (4)
 A - a wand of enslavement (13)
 J - a wand of acid (9)
 K - a wand of flame (19)
 P - a wand of polymorph (10)
 R - a wand of iceblast (6)
Scrolls
 h - 6 scrolls of teleportation
 l - 6 scrolls of remove curse
 p - 6 scrolls of fear
 v - a scroll of fog {unknown}
 F - 2 scrolls of enchant weapon
Potions
 d - 6 potions of might
 k - 2 potions of resistance {unknown}
 m - 3 potions of curing
 o - a potion of lignification {unknown}
 r - 7 potions of degeneration
 s - a potion of cancellation {unknown}
 t - 8 potions of flight
 u - a potion of haste {unknown}
 w - a potion of magic {unknown}
 x - 3 potions of brilliance {unknown}
 D - a potion of agility {unknown}
 G - 2 potions of mutation
 H - a potion of ambrosia {unknown}
Comestibles
 f - 13 rations


   Skills:
 + Level 10.0 Fighting
 + Level 7.6 Short Blades
 + Level 9.0 Long Blades
 + Level 7.6 Axes
 + Level 7.6 Maces & Flails
 + Level 7.6 Polearms
 + Level 7.6 Staves
 + Level 7.6 Slings
 + Level 7.6 Bows
 + Level 7.6 Crossbows
 + Level 7.6 Throwing
 + Level 10.0 Armour
 + Level 7.6 Dodging
 + Level 7.6 Stealth
 + Level 10.0 Shields
 + Level 7.6 Unarmed Combat
 + Level 7.6 Spellcasting
 + Level 6.3 Conjurations
 + Level 6.3 Hexes
 + Level 6.3 Charms
 + Level 6.3 Summonings
 + Level 6.3 Necromancy
 + Level 6.3 Translocations
 + Level 6.3 Transmutations
 + Level 6.3 Fire Magic
 + Level 6.3 Ice Magic
 + Level 6.3 Air Magic
 + Level 6.3 Earth Magic
 + Level 6.3 Poison Magic
 + Level 8.3 Invocations
 + Level 7.6 Evocations


You had 17 spell levels left.
You knew the following spells:

 Your Spells              Type           Power        Failure   Level  Hunger
a - Confuse               Hex            #####...     1%          3    None
b - Dazzling Spray        Conj/Hex       #####.       1%          3    None
c - Tukima's Dance        Hex            #####...     1%          3    None

Your spell library contained the following spells:

 Spells                   Type           Power        Failure   Level  Hunger
 Corona                   Hex            #####..      1%          1    None
 Ensorcelled Hibernation  Hex/Ice        #####.       1%          2    None


Dungeon Overview and Level Annotations

Branches:
Dungeon (9/15)             Temple (1/1) D:5            Lair (3/6) D:9
  Swamp: Lair:2-4    Shoals: Lair:2-4     Snake: Lair:2-4    Spider: Lair:2-4
    Orc: D:9-12

Altars:
Ashenzari
Cheibriados
Dithmenos
Fedhas
Gozag
Hepliaklqana
Kikubaaqudgha
Makhleb
Nemelex Xobeh
Okawaru
Qazlal
Ru
Sif Muna
Trog
Uskayaw
Vehumet
Wu Jian
Xom
Yredelemnul
Zin
The Shining One


Innate Abilities, Weirdness & Mutations

Your experience applies equally to all skills.
You have very sharp teeth.
Your uncanny sense of smell can sniff out nearby items.


Message History

The queen bee is moderately wounded.
You hear a screech!
The hippogriff completely misses you. The hippogriff barely misses you.
The hippogriff completely misses you.
The yak snorts and paws the ground.
The queen bee barely misses you.
You hear an angry hiss.
You closely miss the queen bee.
The queen bee is moderately wounded.
The hippogriff misses you. x2; The hippogriff claws you!
* * * LOW HITPOINT WARNING * * *
The queen bee barely misses you. The hippogriff completely misses you.
The hippogriff closely misses you. The hippogriff misses you.
You hammer the queen bee like a gong!!!
You kill the queen bee!
Cheibriados thoroughly appreciates the change of pace.
You hear a loud, deep croak!
The rime drake breathes ice at you. The flash freeze hits you!!
You die... ∆∆## ∆#. # # l. # .#. y#y #. .%# ∆∆yyy

..
#)###H###)#
#|.†y..[#
#.#H###.#.#
#.k†@Hy.#
#..######
##.. ..≈
.....
###..# .##.
.


You could see 2 hippogriffs, a rime drake and a killer bee.

Vanquished Creatures
  A death yak (Lair:2)
  Urug (Lair:2)
  A fire crab (D:8)
  Pikel (D:6)
  A deep elf mage (D:9)
  A manticore (Lair:3)
  2 black mambas
  A torpor snail (Lair:2)
  4 kobold demonologists
  4 spiny frogs
  The ghost of HalloeS the Cutter, a novice OpMo (D:7)
  A rime drake (Lair:2)
  6 komodo dragons
  A queen bee (Lair:3)
  2 trolls (D:9)
  3 blink frogs (Lair:2)
  2 hippogriffs (Lair:1)
  21 yaks
  A basilisk (Lair:3)
  Duvessa (D:6)
  5 water moccasins
  12 porcupines
  5 orc warriors
  4 black bears
  3 ice beasts
  2 ogres
  3 sky beasts
  A phantom (D:7)
  6 wolves
  2 centaurs (D:5)
  3 crocodiles (Lair:1)
  24 big kobolds
  13 bullfrogs
  Dowan (D:6)
  3 scorpions
  12 killer bees (Lair:3)
  A howler monkey (D:5)
  2 crimson imps (D:5)
  A quasit (D:7)
  A gnoll shaman (D:5)
  2 jellies
  2 centaur skeletons
  9 orc priests
  6 orc wizards
  Jessica (D:3)
  A bullfrog skeleton (D:9)
  5 worker ants
  A hound skeleton (D:6)
  3 mummies (Ossuary)
  4 gnolls (D:5)
  11 adders
  4 river rats
  7 shadow imps
  4 oozes
  An adder skeleton (D:4)
  3 adder zombies
  5 worms
  4 dart slugs
  3 leopard geckos
  26 orcs
  8 bats
  5 giant cockroaches
  8 hobgoblins
  10 jackals
  23 kobolds
  6 quokkas
  A ball python (D:3)
  7 frilled lizards
  A gnoll zombie (Ossuary)
  5 goblins
  2 goblin zombies (Ossuary)
  4 hobgoblin zombies (Ossuary)
  4 kobold zombies (Ossuary)
  6 quokka zombies (Ossuary)
  8 rats
360 creatures vanquished.

Vanquished Creatures (others)
  A phantom (D:6)
  Blork the orc (D:6)
  A bullfrog (D:6)
  A worker ant (D:6)
  An adder (D:6)
  A leopard gecko zombie (D:6)
  34 fungi
  9 plants
49 creatures vanquished.

Grand Total: 409 creatures vanquished

Notes
Turn   | Place    | Note
-------+----------+-------------------------------------------
     0 | D:1      | silentkaos13 the Gnoll Fighter began the quest for the Orb.
     0 | D:1      | Reached XP level 1. HP: 23/23 MP: 1/1
     6 | D:1      | Noticed a black bear
     6 | D:1      | Noticed a swamp worm
     7 | D:1      | Noticed a worker ant
     7 | D:1      | Noticed an anaconda
   103 | D:1      | Reached XP level 2. HP: 25/29 MP: 2/2
   451 | D:2      | Reached XP level 3. HP: 31/35 MP: 3/3
   517 | D:2      | Reached skill level 1 in Invocations
   529 | D:2      | Reached skill level 1 in Short Blades
   529 | D:2      | Reached skill level 1 in Axes
   529 | D:2      | Reached skill level 1 in Maces & Flails
   529 | D:2      | Reached skill level 1 in Polearms
   529 | D:2      | Reached skill level 1 in Staves
   529 | D:2      | Reached skill level 1 in Slings
   529 | D:2      | Reached skill level 1 in Bows
   529 | D:2      | Reached skill level 1 in Crossbows
   529 | D:2      | Reached skill level 1 in Throwing
   529 | D:2      | Reached skill level 1 in Dodging
   529 | D:2      | Reached skill level 1 in Stealth
   529 | D:2      | Reached skill level 1 in Unarmed Combat
   529 | D:2      | Reached skill level 1 in Spellcasting
   529 | D:2      | Reached skill level 1 in Evocations
   662 | D:2      | Reached XP level 4. HP: 38/41 MP: 5/5
  1184 | D:2      | Reached skill level 1 in Conjurations
  1184 | D:2      | Reached skill level 1 in Hexes
  1184 | D:2      | Reached skill level 1 in Charms
  1184 | D:2      | Reached skill level 1 in Summonings
  1184 | D:2      | Reached skill level 1 in Necromancy
  1184 | D:2      | Reached skill level 1 in Translocations
  1184 | D:2      | Reached skill level 1 in Transmutations
  1184 | D:2      | Reached skill level 1 in Fire Magic
  1184 | D:2      | Reached skill level 1 in Ice Magic
  1184 | D:2      | Reached skill level 1 in Air Magic
  1184 | D:2      | Reached skill level 1 in Earth Magic
  1184 | D:2      | Reached skill level 1 in Poison Magic
  1357 | D:3      | Noticed Jessica
  1361 | D:3      | Killed Jessica
  1361 | D:3      | Reached XP level 5. HP: 41/47 MP: 5/7
  1431 | D:3      | Found a radiant altar of Vehumet.
  1582 | D:3      | Found a glowing drain.
  1613 | Sewer    | Entered a sewer
  1636 | Sewer    | Noticed a big kobold
  1640 | Sewer    | Noticed a big kobold
  1649 | Sewer    | Killed a big kobold
  1649 | Sewer    | Reached XP level 6. HP: 53/53 MP: 8/8
  1687 | Sewer    | Reached skill level 5 in Long Blades
  2102 | Sewer    | Reached XP level 7. HP: 27/59 MP: 10/10
  2861 | D:4      | You fall into a shaft and drop 1 floor!
  2861 | D:5      | Entered Level 5 of the Dungeon
  2890 | D:5      | Found a staircase to the Ecumenical Temple.
  3019 | Temple   | Entered the Ecumenical Temple
  3134 | Temple   | Became a worshipper of Cheibriados the Contemplative
  3443 | D:5      | Reached XP level 8. HP: 28/67 MP: 12/12
  3898 | D:5      | Reached * piety under Cheibriados
  4288 | D:6      | Noticed Pikel
  4307 | D:6      | Killed Pikel
  4307 | D:6      | Reached XP level 9. HP: 25/72 MP: 10/14
  4318 | D:6      | Found a sand-covered staircase.
  4355 | Ossuary  | Entered an ossuary
  4874 | D:6      | Noticed Duvessa
  4875 | D:6      | Noticed Dowan
  4888 | D:6      | Killed Duvessa
  4896 | D:6      | Killed Dowan
  5031 | D:6      | Reached ** piety under Cheibriados
  5039 | D:6      | Found a shimmering altar of Xom.
  5104 | D:6      | Killed Blork the orc
  6340 | D:7      | Reached skill level 5 in Invocations
  6691 | D:7      | Reached XP level 10. HP: 64/80 MP: 15/17
  6806 | D:7      | Reached *** piety under Cheibriados
  6841 | D:7      | Found a runed translucent gate.
  6881 | D:7      | Found a runed translucent gate.
  6882 | D:7      | Found a runed translucent gate.
  6883 | D:7      | Noticed a kobold demonologist
  6884 | D:7      | Noticed HalloeS's ghost (novice OpMo)
  6886 | D:7      | Identified the +3 dagger of Ru's Regard {venom, rF+}
  7225 | D:7      | Learned a level 3 spell: Confuse
  7229 | D:7      | Learned a level 3 spell: Dazzling Spray
  7233 | D:7      | Learned a level 3 spell: Tukima's Dance
  7254 | D:7      | Killed HalloeS's ghost
  7254 | D:7      | Reached skill level 5 in Short Blades
  7254 | D:7      | Reached skill level 5 in Axes
  7254 | D:7      | Reached skill level 5 in Maces & Flails
  7254 | D:7      | Reached skill level 5 in Polearms
  7254 | D:7      | Reached skill level 5 in Staves
  7254 | D:7      | Reached skill level 5 in Slings
  7254 | D:7      | Reached skill level 5 in Bows
  7254 | D:7      | Reached skill level 5 in Crossbows
  7254 | D:7      | Reached skill level 5 in Throwing
  7254 | D:7      | Reached skill level 5 in Dodging
  7254 | D:7      | Reached skill level 5 in Stealth
  7254 | D:7      | Reached skill level 5 in Unarmed Combat
  7254 | D:7      | Reached skill level 5 in Spellcasting
  7254 | D:7      | Reached skill level 5 in Evocations
  7255 | D:7      | Killed a kobold demonologist
  7947 | D:8      | Found a transporter.
  7952 | D:8      | Noticed a kobold demonologist
  7954 | D:8      | Noticed a kobold demonologist
  7955 | D:8      | Noticed a fire crab
  7967 | D:8      | Killed a kobold demonologist
  7968 | D:8      | Killed a kobold demonologist
  7974 | D:8      | Killed a fire crab
  7974 | D:8      | Reached **** piety under Cheibriados
  8095 | D:8      | Found a transporter.
  8456 | D:9      | Reached XP level 11. HP: 87/87 MP: 19/19
  8484 | D:9      | Found a staircase to the Lair.
  8752 | D:9      | Reached ***** piety under Cheibriados
  8802 | D:9      | Noticed a deep elf mage
  8823 | D:9      | Killed a deep elf mage
  8823 | D:9      | Reached skill level 5 in Conjurations
  8823 | D:9      | Reached skill level 5 in Hexes
  8823 | D:9      | Reached skill level 5 in Charms
  8823 | D:9      | Reached skill level 5 in Summonings
  8823 | D:9      | Reached skill level 5 in Necromancy
  8823 | D:9      | Reached skill level 5 in Translocations
  8823 | D:9      | Reached skill level 5 in Transmutations
  8823 | D:9      | Reached skill level 5 in Fire Magic
  8823 | D:9      | Reached skill level 5 in Ice Magic
  8823 | D:9      | Reached skill level 5 in Air Magic
  8823 | D:9      | Reached skill level 5 in Earth Magic
  8823 | D:9      | Reached skill level 5 in Poison Magic
  9045 | D:9      | HP: 1/89 [yak (12)]
  9920 | Lair:1   | Entered Level 1 of the Lair of Beasts
 10473 | Lair:1   | Reached XP level 12. HP: 69/96 MP: 22/22
 10746 | Lair:1   | Reached ****** piety under Cheibriados
 11767 | Lair:2   | Noticed a seven-headed hydra
 11779 | Lair:2   | Noticed a death yak
 11779 | Lair:2   | a seven-headed hydra changed into a death yak
 11783 | Lair:2   | Killed a death yak
 12159 | Lair:2   | Noticed Urug
 12166 | Lair:2   | Killed Urug
 12793 | Lair:3   | Reached skill level 10 in Fighting
 12793 | Lair:3   | Reached skill level 10 in Armour
 12793 | Lair:3   | Reached skill level 10 in Shields
 12847 | Lair:3   | Killed from afar by a rime drake

Levels and vault maps discovered:
D:1:      onia_arrival_zoo_common, layout_basic, minmay_misc_feat_roman,
          minmay_tromino_i2
D:2:      layout_loops_cross, first_ration
D:3:      layout_loops_cross, vehumet_crystals, gup_sewer_entry_bubbles,
          uniq_jessica
D:4:      layout_loops_cross, minmay_mini_ossuary
D:5:      layout_basic, temple_hall
D:6:      layout_cave_pools, lightli_ossuary_entry_decrepit_ruins, basic_altar,
          uniq_duvessa, uniq_pikel, uniq_blork_the_orc
D:7:      layout_basic, gammafunk_ghost_nasty_kobolds
D:8:      gammafunk_wand_slinger, layout_basic
D:9:      minmay_weird_star, layout_gridville, due_lair_maze_entry_diamond,
          special_room [special_room_kobold], enter_bailey_2,
          chequers_serial_rivers_micro_e
Temple:   regret_index_temple_sigil_plot
Lair:1:   layout_gridlike
Lair:2:   layout_cave_pods, beast_lair_carwin_4, grunt_megastairs_2,
          infiniplex_staircase_pool_2, uniq_urug
Lair:3:   regret_index_tunnel_blossom, layout_chaotic_city,
          elwin_shoals_entry_stream

Skill      XL: |  1  2  3  4  5  6  7  8  9 10 11 12 |
---------------+-------------------------------------+-----
Invocations    | 1 2 3 4 5 6 7 8 |  8.3
Short Blades   | 1 2 3 4 5 6 7 |  7.6
Axes           | 1 2 3 4 5 6 7 |  7.6
Maces & Flails | 1 2 3 4 5 6 7 |  7.6
Polearms       | 1 2 3 4 5 6 7 |  7.6
Staves         | 1 2 3 4 5 6 7 |  7.6
Slings         | 1 2 3 4 5 6 7 |  7.6
Bows           | 1 2 3 4 5 6 7 |  7.6
Crossbows      | 1 2 3 4 5 6 7 |  7.6
Throwing       | 1 2 3 4 5 6 7 |  7.6
Dodging        | 1 2 3 4 5 6 7 |  7.6
Stealth        | 1 2 3 4 5 6 7 |  7.6
Unarmed Combat | 1 2 3 4 5 6 7 |  7.6
Spellcasting   | 1 2 3 4 5 6 7 |  7.6
Evocations     | 1 2 3 4 5 6 7 |  7.6
Conjurations   | 1 2 3 4 5 6 |  6.3
Hexes          | 1 2 3 4 5 6 |  6.3
Charms         | 1 2 3 4 5 6 |  6.3
Summonings     | 1 2 3 4 5 6 |  6.3
Necromancy     | 1 2 3 4 5 6 |  6.3
Translocations | 1 2 3 4 5 6 |  6.3
Transmutations | 1 2 3 4 5 6 |  6.3
Fire Magic     | 1 2 3 4 5 6 |  6.3
Ice Magic      | 1 2 3 4 5 6 |  6.3
Air Magic      | 1 2 3 4 5 6 |  6.3
Earth Magic    | 1 2 3 4 5 6 |  6.3
Poison Magic   | 1 2 3 4 5 6 |  6.3
Long Blades    | 5 6 7 8 9 |  9.0
Fighting       | 7 8 9 10 | 10.0
Armour         | 7 8 9 10 | 10.0
Shields        | 7 8 9 10 | 10.0

Action                   |  1- 3 |  4- 6 |  7- 9 | 10-12 || total
-------------------------+-------+-------+-------+-------++-------
Melee: Long sword        |    78 |   248 |    90 |       ||   416
       Bite              |     9 |    23 |    82 |   111 ||   225
       Morningstar       |       |       |    80 |    96 ||   176
       Whip              |       |       |   238 |       ||   238
       Dagger            |       |       |       |   232 ||   232
       Great sword       |       |       |       |   122 ||   122
       Eveningstar       |       |       |       |    54 ||    54
       Punch             |       |       |       |     7 ||     7
 Cast: Dazzling Spray    |       |       |       |     1 ||     1
Invok: Bend Time         |       |       |     1 |       ||     1
Evoke: Wand              |       |       |       |    17 ||    17
  Use: Potion            |       |     1 |     3 |     3 ||     7
       Scroll            |       |       |    12 |    12 ||    24
 Stab: Sleeping          |       |       |       |    14 ||    14
       Invisible         |       |       |       |     2 ||     2
  Eat: Chunk             |       |     2 |     6 |     7 ||    15
       Ration            |       |     1 |     1 |     1 ||     3
Armor: Scale mail        |    42 |    71 |   104 |    34 ||   251
       Ring mail         |       |       |     5 |   136 ||   141
Dodge: Dodged            |    37 |    58 |   172 |   478 ||   745
Block: Shield            |    55 |   102 |   283 |   276 ||   716
       Rpst.: Long sword |     5 |    16 |    11 |       ||    32
       Great sword       |       |       |       |    50 ||    50

Table legend:
 A = Non-vault XP
 B = Vault XP
 C = Vault XP percentage of total XP
 D = Non-vault monster count
 E = Vault monster count
 F = Vault count percentage of total count
                 A         B        C        D         E       F
            +---------+---------+-------+---------+---------+-------
      Total |   18832 |   12156 |  39.2 |     227 |     133 |  36.9
            +---------+---------+-------+---------+---------+-------
        D:1 |      29 |       2 |   6.5 |      16 |       2 |  11.1
        D:2 |     120 |       0 |   0.0 |      30 |       0 |   0.0
        D:3 |      88 |      75 |  46.0 |      19 |       8 |  29.6
        D:4 |       6 |       0 |   0.0 |       2 |       0 |   0.0
        D:5 |     944 |       0 |   0.0 |      27 |       0 |   0.0
        D:6 |     669 |     928 |  58.1 |      10 |       3 |  23.1
        D:7 |    1768 |    1930 |  52.2 |      36 |      14 |  28.0
        D:8 |     393 |    1708 |  81.3 |       9 |      11 |  55.0
        D:9 |    2434 |    2483 |  50.5 |      25 |      26 |  51.0
     Lair:1 |    6965 |       0 |   0.0 |      35 |       0 |   0.0
     Lair:2 |    5416 |    2213 |  29.0 |      18 |       8 |  30.8
     Lair:3 |       0 |    2279 | 100.0 |       0 |      19 | 100.0
      Sewer |       0 |     461 | 100.0 |       0 |      21 | 100.0
    Ossuary |       0 |      77 | 100.0 |       0 |      21 | 100.0
            +---------+---------+-------+---------+---------+-------
